 Dungeon Crawl Stone Soup version 0.28.0-53-g5a82cb258f (webtiles) character file.

Game seed: 14411819143187074773

153 Sin92 the Skirmisher (level 5, 0/42 HPs)
             Began as a Demonspawn Fighter on June 16, 2022.
             Was an Initiate of Okawaru.
             Slain by a white imp (3 damage)
             ... on level 5 of the Dungeon.
             The game lasted 00:04:38 (5035 turns).

Sin92 the Skirmisher (Demonspawn Fighter)           Turns: 5035, Time: 00:04:38

Health: 0/42       AC: 14    Str: 16    XL:     5   Next: 12%
Magic:  5/5        EV:  6    Int: 12    God:    Okawaru [......]
Gold:   151        SH:  5    Dex: 14    Spells: 4/4 levels left

rFire   . . .      SeeInvis .   a - +0 war axe
rCold   . . .      Faith    .   c - +0 buckler
rNeg    . . .      Spirit   .   f - +4 chain mail of the Louse {Int+2}
rPois   .          Reflect  .   (no helmet)
rElec   .          Harm     .   h - +0 cloak
rCorr   .          Rampage  .   (no gloves)
Will    .....                   (no boots)
Stlth   ..........              (no amulet)
HPRegen 0.14/turn               (no ring)
MPRegen 0.09/turn               (no ring)

@: no status effects
A: powered by pain 2
a: Renounce Religion


You were on level 5 of the Dungeon.
You worshipped Okawaru.
Okawaru was noncommittal.
You visited 2 branches of the dungeon, and saw 6 of its levels.

You collected 151 gold pieces.

Inventory:

Hand Weapons
 a - a +0 war axe (weapon)
Armour
 b - a +0 scale mail
 c - a +0 buckler (worn)
 f - the +4 chain mail of the Louse (worn) {Int+2}
   (You acquired it on level 3 of the Dungeon)

   Int:       It affects your intelligence (+2).
 h - a +0 cloak (worn)
Wands
 l - a wand of iceblast (11)
Scrolls
 k - a scroll of holy word {unknown}
 m - a scroll of teleportation {unknown}
 n - 2 scrolls of blinking {unknown}
 o - a scroll of fog
Potions
 d - 2 potions of might
 g - 2 potions of ambrosia
 i - a potion of degeneration
 j - a potion of flight
 p - a potion of heal wounds


   Skills:
 + Level 3.7 Fighting
 + Level 2.6 Axes
 + Level 3.3 Armour
 + Level 1.6 Dodging
 + Level 3.3 Shields


You had 4 spell levels left.
You didn't know any spells.
Your spell library contained the following spells:

 Spells                   Type           Power      Damage    Failure   Level
 Sting                    Tmut/Pois      0%         1d3       100%        1
 Poisonous Vapours        Pois/Air       0%         N/A       100%        2
 Ignite Poison            Fire/Tmut/Pois 0%         N/A       100%        3
 Mephitic Cloud           Conj/Pois/Air  0%         N/A       100%        3
 Olgreb's Toxic Radiance  Pois           0%         N/A       100%        4
 Blade Hands              Tmut           0%         N/A       100%        5
 Freezing Cloud           Conj/Ice/Air   0%         6-21      100%        5
 Irradiate                Conj/Tmut      0%         3d13      100%        5
 Dragon Form              Tmut           0%         N/A       100%        7


Dungeon Overview and Level Annotations

Branches:
Dungeon (5/15)             Temple (1/1) D:4

Altars:
Cheibriados
Fedhas
Gozag
Hepliaklqana
Kikubaaqudgha
Makhleb
Nemelex Xobeh
Okawaru
Qazlal
Ru
Sif Muna
Vehumet
Xom


Innate Abilities, Weirdness & Mutations

You sometimes gain power by taking damage.


Message History

You are too injured to fight recklessly!
Unknown command.
You are too injured to fight recklessly!
A white imp is nearby!
You are too injured to fight recklessly!
Unknown command.
Unknown command.
A white imp is nearby!
You are too injured to fight recklessly!
Unknown command.
A white imp is nearby!
You are too injured to fight recklessly!
You barely miss the white imp. You block the white imp's attack.
You closely miss the white imp. The white imp gestures at you.
The puff of frost hits you!
* * * LOW HITPOINT WARNING * * *
You block the white imp's attack.
Unknown command.
You barely miss the white imp.
The white imp hits you but does no damage.
Unknown command.
You closely miss the white imp. The white imp gestures at you.
The puff of frost hits you but does no damage.
The white imp gestures at you.
The puff of frost hits you but does no damage.
Unknown command.
You barely miss the white imp. The white imp gestures at you.
The puff of frost hits you.
* * * LOW HITPOINT WARNING * * *
Unknown command.
You hit the white imp.
The white imp is heavily wounded.
The white imp grins evilly.
The white imp hits you.
* * * LOW HITPOINT WARNING * * *
The white imp freezes you.
You die...

#..# #..#
#..# ..#
..# . #.#
... #†#
.....##@#
#....5<#
#.#.##.#
# #.# #.#
#.# #.#
#.# #.#


You could see a white imp.

Vanquished Creatures
  A hound (D:5)
  4 adders
  3 worms
  2 dart slugs
  5 orcs
  8 ball pythons
  5 bats
  5 endoplasms
  2 giant cockroaches
  3 goblins
  6 hobgoblins
  4 jackals (D:1)
  3 quokkas (D:1)
  4 frilled lizards
  8 kobolds
  A quokka skeleton (D:4)
  3 rats (D:1)
67 creatures vanquished.

Vanquished Creatures (others)
  A fungus (D:1)
1 creature vanquished.

Grand Total: 68 creatures vanquished

Notes
Turn   | Place    | Note
-------+----------+-------------------------------------------
     0 | D:1      | Sin92 the Demonspawn Fighter began the quest for the Orb.
     0 | D:1      | Reached XP level 1. HP: 18/18 MP: 1/1
   288 | D:1      | Gained mutation: You sometimes gain a little power by
                  | taking damage. [demonic ancestry]
   288 | D:1      | Reached XP level 2. HP: 22/22 MP: 2/2
   376 | D:1      | Found a faded altar of an unknown god.
   801 | D:1      | Reached XP level 3. HP: 28/28 MP: 3/3
  1225 | D:2      | Found a stormy altar of Qazlal.
  1534 | D:2      | Reached skill level 1 in Dodging
  2090 | D:3      | Identified a scroll of acquirement
  2090 | D:3      | Acquired the +4 chain mail of the Louse {Int+2}
  2845 | D:3      | Gained mutation: You sometimes gain power by taking damage.
                  | [demonic ancestry]
  2845 | D:3      | Reached XP level 4. HP: 35/35 MP: 4/4
  4140 | D:4      | Identified the +4 long sword "Rilu Myw" {elec, rF+}
  4237 | D:4      | Found a staircase to the Ecumenical Temple.
  4247 | Temple   | Entered the Ecumenical Temple
  4543 | Temple   | Became a worshipper of Warmaster Okawaru
  5016 | D:5      | Entered Level 5 of the Dungeon
  5029 | D:5      | Reached XP level 5. HP: 26/42 MP: 5/5
  5035 | D:5      | Slain by a white imp

Illustrated notes

Levels and vault maps discovered:
D:1:      dpeg_arrival_ternary, layout_basic,
          shapermc_ecumenical_altar_acropolis, grunt_decor_resistance,
          minmay_pentomino_u2
D:2:      layout_basic, basic_altar
D:3:      layout_basic, minivault_24, chequers_garden
D:4:      layout_basic, minmay_temple_entry_nine_rooms, serial_curves,
          eino_curves_03, eino_curves_04, chequers_arboretum
D:5:      layout_basic, portal_sewer_entry_e, grunt_ministairs_6,
          minmay_misc_feat_rugged, uniq_eustachio
Temple:   mainiacjoe_temple_trianglar_array

Skill      XL: |  1  2  3 |
---------------+----------+-----
Axes           | 2 |  2.6
Shields        | 3 |  3.3
Armour         | 3 |  3.3
Dodging        | 1 |  1.6
Fighting       | |  3.7

Action                   |  1- 3 |  4- 6 || total
-------------------------+-------+-------++-------
Melee: War axe           |   125 |   109 ||   234
  Use: Scroll            |     5 |     4 ||     9
       Potion            |       |     1 ||     1
Armor: Scale mail        |    54 |       ||    54
       Chain mail        |    27 |    88 ||   115
Dodge: Dodged            |    49 |    41 ||    90
Block: Buckler           |    29 |    26 ||    55
